 Dungeon Crawl Stone Soup version 0.30-a0-1018-g25214051b3 (webtiles) character file.

Game seed: 14857973536977815908

102 protoss039 the Sneak (level 4, 0/25 HPs)
             Began as a Vampire Enchanter on Apr 8, 2023.
             Slain by a quokka (3 damage)
             ... on level 3 of the Dungeon.
             The game lasted 00:02:46 (1317 turns).

protoss039 the Sneak (Vampire Enchanter)            Turns: 1317, Time: 00:02:47

Health: 0/25       AC:  2    Str:  7    XL:     4   Next: 50%
Magic:  1/7        EV: 13    Int: 17    God:
Gold:   102        SH:  0    Dex: 16    Spells: 5/7 levels left

rFire   . . .      SeeInvis +    m - +3 short sword
rCold   + + .      Faith    .    (no shield)
rNeg    + + +      Spirit   .    b - +0 robe
rPois   ∞          Reflect  .    (no helmet)
rElec   .          Rampage  .    (no cloak)
rCorr   .                        (no gloves)
Will    .....                    (no boots)
Stlth   +++++                    (no amulet)
HPRegen 0.00/turn                (no ring)
MPRegen 0.10/turn                (no ring)

@: very slightly contaminated, bloodless, inhibited regen
A: bloodless, fangs 3, see invisible, vampiric 2
a: Bat Form, Revivify


You were on level 3 of the Dungeon.
You visited 1 branch of the dungeon, and saw 3 of its levels.

You collected 102 gold pieces.

Inventory:

Hand Weapons
 a - a +1 dagger
 m - a +3 short sword (weapon)
Armour
 b - a +0 robe (worn)
Scrolls
 d - a scroll of torment
 h - 2 scrolls of identify
 j - a scroll of butterflies
 l - a scroll of enchant armour {unknown}
Potions
 c - 2 potions of invisibility
 e - 2 potions of brilliance {unknown}
 f - a potion of heal wounds {unknown}
 g - a potion of curing
 i - a potion of berserk rage {unknown}
 k - a potion of mutation {unknown}


   Skills:
 * Level 1.6 Fighting
 + Level 1.8 Short Blades
 + Level 2.6 Dodging
 * Level 5.6 Stealth
 + Level 2.3 Spellcasting
 + Level 4.9 Hexes
 + Level 0.8 Ice Magic


You had 5 spell levels left.
You knew the following spells:

 Your Spells              Type           Power      Damage    Failure   Level
a - Ensorcelled Hibernat  Hex/Ice        22%        N/A       9%          2

Your spell library contained the following spells:

 Spells                   Type           Power      Damage    Failure   Level
 Confusing Touch          Hex            18%        N/A       8%          3
 Tukima's Dance           Hex            18%        N/A       8%          3
 Dazzling Flash           Conj/Hex       20%        N/A       21%         3


Dungeon Overview and Level Annotations

Branches:
Dungeon (3/15) Zot: 16689

Altars:


Innate Abilities, Weirdness & Mutations

You do not regenerate when monsters are visible.
You are frail without blood (-20% HP).
You can heal yourself when you bite living creatures.
You are immune to poison.
You have razor-sharp teeth.
You have supernaturally acute eyesight. (SInv)
You are afflicted with vampirism and can become a bat while bloodless.


Message History

Jessica hits you with a +0 dagger. The quokka barely misses you.
Unknown command.
You hit Jessica.
Jessica is severely wounded.
Jessica closely misses you.
Jessica drinks a potion.
Jessica is healed!
The quokka misses you.
Casting: Ensorcelled Hibernation (safe; 10% risk of failure)
Confirm with . or Enter, or press ? or * to list all spells.
Aiming: Ensorcelled Hibernation (safe; 10% risk of failure)
Press: ? - help, Shift-Dir - straight line, f/p - Jessica
Aim: Jessica, wielding a +0 dagger and wearing a +0 robe (fast, chance to affect: 53%)
You miscast Ensorcelled Hibernation.
You are very lightly contaminated with residual magic.
Nothing appears to happen.
Jessica hits you with a +0 dagger. The quokka closely misses you.
You hit Jessica. You bite Jessica.
You draw Jessica's blood!
You feel better.
Jessica is heavily wounded.
Jessica hits you with a +0 dagger. The quokka bites you.
Jessica hits you with a +0 dagger.
Casting: Ensorcelled Hibernation (safe; 10% risk of failure)
Confirm with . or Enter, or press ? or * to list all spells.
Aiming: Ensorcelled Hibernation (safe; 10% risk of failure)
Press: ? - help, Shift-Dir - straight line, f/p - Jessica
Aim: Jessica, wielding a +0 dagger and wearing a +0 robe (heavily wounded, fast, chance to affect: 53%) Jessica resists with significant effort.
The quokka bites you.
* * * LOW HITPOINT WARNING * * *
Jessica says, "I'm really upset."
Jessica hits you with a +0 dagger.
* * * LOW HITPOINT WARNING * * *
Unknown command.
Unknown command.
You hit Jessica.
You kill Jessica!
The quokka bites you.
* * * LOW HITPOINT WARNING * * *
Unknown command.
You hit the quokka but do no damage. Your bite misses the quokka.
The quokka bites you.
You die...

.# #.# .# ###.### .#
##.....## .#####
#.......## .....#
#........## .....#
##..#####..## .....#
#..##?..##..# .....#
#..#..r..#..# .....#
#..#..)@.'..# .<...#
##..#.....#..#
.....#
#...##!.!##..#####.#
######
#.#..#####.........#
#.##.......#########
#####.###.....##
#.....# ###.###
#.....# #.# #.....#
#.#


You could see a quokka.

Vanquished Creatures
  An orc priest (D:3)
  Jessica (D:3)
  A gnoll (D:2)
  A dart slug (D:2)
  An orc (D:3)
  A bat (D:1)
  4 endoplasms
  A giant cockroach (D:3)
  6 goblins
  6 kobolds
  6 ball pythons
  6 rats
35 creatures vanquished.

Notes
Turn   | Place    | Note
-------+----------+-------------------------------------------
     0 | D:1      | protoss039 the Vampire Enchanter began the quest for the
                  | Orb.
     0 | D:1      | Reached XP level 1. HP: 13/13 MP: 3/3
   150 | D:1      | Reached XP level 2. HP: 2/20 MP: 5/5
   465 | D:1      | Learned a level 2 spell: Ensorcelled Hibernation
   729 | D:2      | Reached skill level 5 in Stealth
   742 | D:2      | Reached skill level 1 in Fighting
   882 | D:2      | Gained mutation: You are afflicted with vampirism and can
                  | become a bat while bloodless. [Vampire growth]
   882 | D:2      | Reached XP level 3. HP: 26/26 MP: 6/6
  1226 | D:3      | Reached XP level 4. HP: 19/25 MP: 1/7
  1301 | D:3      | Noticed Jessica
  1316 | D:3      | Killed Jessica
  1317 | D:3      | Slain by a quokka

Illustrated notes

Levels and vault maps discovered:
D:1:      dpeg_arrival_boxorama, layout_basic, minivault_26, st_stairs_10
D:2:      layout_basic, serial_glass, glass_columns_a, glass_columns_b,
          chequers_serial_rivers_micro_d, grunt_ministairs_8
D:3:      layout_basic, chequers_ecumenical_altar_grove,
          minmay_misc_feat_ornament, st_stairs_3, hangedman_feature_mirror,
          kennysheep_jessica_study

Skill      XL: |  1  2 |
---------------+-------+-----
Stealth        | 5 |  5.6
Fighting       | 1 |  1.6
Short Blades   | |  1.8
Dodging        | |  2.6
Spellcasting   | |  2.3
Hexes          | |  4.9
Ice Magic      | |  0.8

Action                     |  1- 3 |  4- 6 || total
---------------------------+-------+-------++-------
  Melee: Dagger            |    76 |       ||    76
         Bite              |     8 |     2 ||    10
         Short sword       |       |    11 ||    11
   Cast: Ensorcelled Hiber |     6 |     2 ||     8
Ability: Exsanguinate      |     1 |       ||     1
    Use: Scroll            |     2 |       ||     2
         Potion            |     1 |       ||     1
   Stab: Sleeping          |     8 |     1 ||     9
         Invisible         |     2 |       ||     2
 Armour: Robe              |     6 |     1 ||     7
  Dodge: Dodged            |    42 |    10 ||    52

Table legend: (Time is in decaauts)
 A = Elapsed time spent in this place.
 B = Non-inter-level travel time spent in this place.
 C = Inter-level travel time spent in this place.
 D = Time resting spent in this place.
 E = Time spent auto-exploring this place.
 F = Levels seen in this place.
 G = Mean time per level.
                   A        B        C        D        E       F      G
               +--------+--------+--------+--------+--------+-----+--------+
         Total |   1310 |   1257 |     53 |    167 |    732 |   3 |  436.7 |
       Dungeon |   1310 |   1257 |     53 |    167 |    732 |   3 |  436.7 |
               +--------+--------+--------+--------+--------+-----+--------+

Top non-repeatable levels by time:
     D:1: 721 daAuts
     D:3: 390 daAuts
     D:2: 197 daAuts
